Map: [ESL] Royal Blood

Players

ShoWTimE

  • Race: Protoss Protoss

Creator - Winner!

  • Race: Protoss Protoss

Event: IEM Katowice 2023

VOD

Have the link to the VOD?

Description

Time

  • Played on: Feb. 9, 2023, 7:57 a.m.
  • Length: 12:06

All games in this series

Show
View Real Time Build Order
Export as new Build Order

ShoWTimE Protoss 

Build Orders: Oracle Opening 

Get SALT Encoding   

  12  0:00  Probe  
  13  0:12  Probe  
  14  0:17  Pylon  
  14  0:24  Probe (Chrono Boost)  
  15  0:36  Gateway, Probe (Chrono Boost)  
  16  0:44  Probe (Chrono Boost)  
  16  0:46  Assimilator  
  17  0:51  Probe  
  18  0:59  Assimilator  
  18  1:03  Probe (Chrono Boost)  
  19  1:08  Gateway  
  19  1:13  Probe (Chrono Boost)  
  19  1:17  Probe (Chrono Boost)  
  20  1:25  Cybernetics Core  
  21  1:29  Probe  
  22  1:36  Pylon  
  22  1:41  Probe  
  23  1:54  Probe  
  24  2:01  Adept x2  
  24  2:03  Warp Gate  
  24  2:06  Probe  
  29  2:11  Pylon  
  29  2:23  Stargate  
  29  2:24  Probe  
  30  2:35  Stalker  
  32  2:39  Stalker  
  32  2:44  Probe  
  35  2:56  Probe  
  35  2:58  Pylon  
  36  3:07  Oracle (Chrono Boost)  
  39  3:16  Probe  
  39  3:26  Adept  
  43  3:28  Probe  
  43  3:32  Robotics Facility  
  42  3:37  Shield Battery  
  42  3:40  Pylon  
  42  3:51  Pylon  
  42  3:54  Stalker  
  44  4:04  Stalker  
  46  4:12  Probe  
  47  4:17  Immortal (Chrono Boost)  
  51  4:28  Stalker  
  53  4:31  Stalker  
  55  4:48  Pylon, Immortal (Chrono Boost)  
  59  5:02  Pylon  
  57  5:12  Nexus  
  57  5:17  Probe  
  58  5:21  Shield Battery  
  58  5:22  Observer  
  59  5:29  Probe  
  59  5:34  Twilight Council  
  60  5:42  Probe  
  61  5:49  Warp Prism  
  63  5:54  Probe  
  64  6:03  Gateway  
  64  6:04  Sentry x2  
  64  6:06  Probe  
  69  6:17  Assimilator  
  69  6:18  Probe  
  69  6:30  Probe  
  69  6:31  Probe  
  70  6:35  Blink (Chrono Boost)  
  70  6:38  Phoenix  
  66  6:42  Probe  
  66  6:43  Probe  
  68  6:54  Probe  
  68  6:55  Probe  
  68  6:56  Gateway  
  68  6:57  Pylon  
  68  6:58  Stalker  
  72  7:03  Stalker  
  72  7:06  Probe  
  72  7:07  Probe  
  76  7:13  Stalker  
  78  7:18  Assimilator, Probe  
  78  7:19  Probe  
  79  7:31  Stalker x2, Probe x2, Observer  
  86  7:41  Pylon  
  86  7:43  Probe x2  
  88  7:48  Nexus  
  88  7:55  Probe x2  
  88  7:57  Stalker  
  92  8:07  Probe x2  
  92  8:09  Stalker  
  92  8:12  Stalker  
  97  8:17  Phoenix  
  97  8:19  Stalker  
  95  8:23  Probe  
  94  8:27  Stalker  
  94  8:29  Probe  
  97  8:35  Probe  
  97  8:40  Shield Battery  
  98  8:41  Probe  
  98  8:46  Forge  
  98  8:47  Probe  
  100  8:53  Probe  
  101  8:58  Stalker  
  101  8:59  Probe, Stalker  
  101  9:00  Probe  
  101  9:01  Charge (Chrono Boost)  
  107  9:10  Shield Battery  
  107  9:11  Probe  
  107  9:12  Probe  
  107  9:16  Stalker  
  110  9:17  Probe  
  110  9:23  Probe  
  111  9:24  Probe  
  111  9:25  Stalker  
  111  9:28  Pylon  
  111  9:29  Probe  
  115  9:35  Stalker x2  
  115  9:36  Probe x2  
  121  9:41  Probe  
  121  9:44  Protoss Ground Weapons Level 1 (Chrono Boost)  
  122  9:50  Gateway  
  122  9:53  Gateway  
  122  9:56  Probe x2  
  122  9:58  Gateway  
  123  10:02  Pylon  
  123  10:04  Templar Archives  
  123  10:10  Stalker  
  123  10:11  Stalker x2  
  129  10:20  Gateway  
  123  10:23  Pylon  
  120  10:29  Stalker  
  120  10:35  Stalker x3  
  85  10:50  Stalker  
  85  10:51  Stalker  
  85  10:53  Stalker  
  85  10:54  Stalker  
  90  10:58  Stalker x2  
  76  11:13  Stalker x2  
  76  11:17  Stalker  
  78  11:21  Stalker  
  80  11:30  Stalker x2  
  84  11:40  Stalker x2  
  88  11:53  Stalker x2  
  92  11:59  Zealot x2  
  86  12:03  Zealot  
Show
View Real Time Build Order
Export as new Build Order

Creator Protoss - Winner!

Build Orders: Blink Stalkers 

Get SALT Encoding   

  12  0:00  Probe  
  13  0:12  Probe  
  14  0:17  Pylon  
  14  0:24  Probe (Chrono Boost)  
  15  0:36  Gateway, Probe (Chrono Boost)  
  16  0:44  Probe (Chrono Boost)  
  16  0:45  Assimilator  
  17  0:51  Probe  
  18  0:58  Assimilator  
  18  1:03  Probe (Chrono Boost)  
  19  1:07  Gateway  
  19  1:12  Probe (Chrono Boost)  
  19  1:17  Probe (Chrono Boost)  
  20  1:25  Cybernetics Core  
  21  1:29  Probe  
  22  1:37  Pylon  
  22  1:41  Probe  
  23  1:55  Probe  
  24  2:01  Adept, Stalker  
  24  2:02  Warp Gate  
  28  2:14  Pylon  
  28  2:31  Stalker, Twilight Council  
  28  2:35  Stalker  
  32  2:46  Gateway  
  32  2:56  Shield Battery  
  32  3:03  Blink (Chrono Boost)  
  32  3:14  Probe  
  32  3:16  Pylon  
  31  3:34  Shield Battery  
  31  3:35  Gateway  
  31  3:41  Shield Battery  
  31  3:50  Stalker x2  
  31  3:52  Stalker  
  37  4:07  Probe  
  37  4:20  Stalker x3  
  43  4:29  Stalker  
  45  4:48  Nexus  
  45  4:56  Robotics Facility  
  45  5:02  Pylon  
  45  5:11  Stalker  
  47  5:20  Sentry x2, Probe (Chrono Boost)  
  52  5:29  Pylon  
  52  5:30  Probe (Chrono Boost)  
  52  5:34  Phoenix  
  53  5:39  Shield Battery  
  53  5:42  Probe  
  54  5:44  Observer  
  54  5:48  Pylon  
  55  6:02  Probe (Chrono Boost)  
  55  6:03  Probe (Chrono Boost)  
  57  6:05  Immortal  
  61  6:14  Probe (Chrono Boost)  
  61  6:17  Probe (Chrono Boost)  
  61  6:18  Sentry  
  65  6:19  Probe (Chrono Boost)  
  65  6:24  Phoenix  
  66  6:29  Probe (Chrono Boost)  
  66  6:30  Probe (Chrono Boost)  
  70  6:40  Probe (Chrono Boost)  
  70  6:42  Stalker  
  70  6:43  Probe (Chrono Boost), Stalker x2  
  70  6:45  Probe (Chrono Boost)  
  77  6:49  Pylon  
  77  6:52  Probe  
  77  6:53  Pylon  
  78  7:02  Gateway  
  78  7:07  Probe x2, Observer  
  81  7:26  Nexus  
  81  7:27  Probe x2  
  81  7:29  Stalker  
  85  7:30  Pylon  
  85  7:31  Stalker  
  85  7:37  Immortal (Chrono Boost)  
  91  7:45  Probe x2  
  91  7:49  Shield Battery  
  93  7:56  Forge  
  93  7:57  Probe x2  
  95  7:59  Stalker  
  95  8:03  Stalker  
  99  8:13  Observer  
  99  8:18  Pylon  
  99  8:23  Pylon  
  99  8:24  Protoss Ground Weapons Level 1 (Chrono Boost)  
  99  8:26  Pylon  
  97  8:27  Pylon x2  
  97  8:31  Assimilator  
  97  8:32  Pylon  
  95  8:38  Stalker  
  95  8:39  Observer  
  101  8:44  Warp Prism, Stalker  
  101  8:45  Stalker  
  103  8:49  Stalker  
  105  9:02  Nexus  
  105  9:08  Stalker  
  105  9:09  Stalker  
  109  9:12  Stalker  
  109  9:14  Stalker  
  112  9:21  Pylon  
  112  9:30  Immortal, Stalker  
  113  9:32  Stalker  
  109  9:52  Stalker x3  
  115  9:54  Stalker  
  115  9:58  Stalker  
  119  10:03  Probe x2  
  121  10:12  Observer  
  121  10:21  Stalker x4  
  127  10:26  Stalker  
  123  10:44  Zealot, Stalker x2  
  123  10:45  Zealot  
  123  10:49  Stalker  
  115  11:06  Stalker x2  
  115  11:10  Stalker  
  109  11:12  Stalker  
  109  11:14  Stalker  
  109  11:15  Observer  
  113  11:30  Stalker x2  
  113  11:32  Probe  
  118  11:33  Zealot, Stalker  
  120  11:41  Stalker  
  120  11:44  Probe  
  120  11:46  Stalker  
  107  12:03  Stalker x3  

Tags
 
Add a new tag
Caveats
  • Supply blocks, unpowered buildings, or Contaminate may cause inaccurate times.
  • Supply counts are checked every 10 seconds.